 Dungeon Crawl Stone Soup version 0.31-a0-355-g57cb03d3e8 (console) character file.

Game seed: 3829840034247752608

15828 jejorda2 the Grappler (level 12, -2/97 HPs)
             Began as a Gnoll Berserker on July 24, 2023.
             Was an Elder of Trog.
             Slain by a catoblepas (15 damage)
             ... on level 2 of the Lair of Beasts.
             The game lasted 00:27:20 (12579 turns).

jejorda2 the Grappler (Gnoll Berserker)            Turns: 12579, Time: 00:27:21

Health: -2/97      AC: 19    Str: 22    XL:     12   Next: 31%
Magic:  22/22      EV: 20    Int:  7    God:    Trog [****..]
Gold:   177        SH:  0    Dex: 11    Spells: 25/25 levels left

rFire   . .          .
                       - Unarmed
rCold   . . .        (no shield)
rNeg    . . .        C - +0 chain mail
rPois   .            L - +0 helmet
rElec   .            q - +1 cloak of Starlight {*Dazzle EV+4 Stlth--}
rCorr   .            g - +2 pair of gloves
SInv    .            K - +0 pair of boots
Will    .....        p - amulet of faith Stlth
                     z - +5 ring of evasion
HPRegen 0.36/turn    M - +4 ring of slaying
MPRegen 0.18/turn

%: faith
@: on berserk cooldown, slowed, studying Throwing, very slow
A: fangs 1, strong nose, distributed training
a: Renounce Religion, Berserk, Trog's Hand, Brothers in Arms


You were on level 2 of the Lair of Beasts.
You worshipped Trog.
Trog was greatly pleased with you.
You visited 2 branches of the dungeon, and saw 13 of its levels.

You collected 588 gold pieces.
You spent 411 gold pieces at shops.

Inventory:

Hand Weapons
 a - a +5 battleaxe
Missiles
 b - 100 stones (quivered)
 w - 5 javelins
 x - 3 throwing nets
 G - 6 boomerangs
 N - 3 poisoned darts
Armour
 g - a +2 pair of gloves (worn)
 q - the +1 cloak of Starlight (worn) {*Dazzle EV+4 Stlth--}
   (You found it on level 5 of the Dungeon)

   *Dazzle:   It may blind those who miss an attack against the wearer in melee
   combat.
   EV:        It affects your evasion (+4).
   Stlth:     It makes you much less stealthy.
 C - a +0 chain mail (worn)
 K - a +0 pair of boots (worn)
 L - a +0 helmet (worn)
Jewellery
 j - a ring of poison resistance
 p - an amulet of faith (around neck)
 z - a +5 ring of evasion (left hand)
 F - a ring of protection from fire
 M - a +4 ring of slaying (right hand)
Wands
 m - a wand of digging (4)
 r - a wand of charming (2)
 y - a wand of quicksilver (1)
 I - a wand of iceblast (3)
Scrolls
 c - 5 scrolls of blinking
 n - a scroll of fog
 s - 4 scrolls of teleportation
 A - 3 scrolls of poison
 B - 3 scrolls of revelation
 D - a scroll of fear
 H - 2 scrolls of immolation
 J - a scroll of vulnerability {unknown}
Potions
 d - 2 potions of lignification
 e - 3 potions of mutation
 f - 2 potions of curing
 h - 3 potions of ambrosia
 i - a potion of berserk rage
 k - 3 potions of haste
 l - a potion of enlightenment {unknown}
 o - a potion of cancellation {unknown}
 t - a potion of resistance {unknown}
 u - 3 potions of invisibility {unknown}
 v - 2 potions of brilliance {unknown}
 E - a potion of heal wounds {unknown}


   Skills:
 + Level 9.9 Fighting
 + Level 7.3 Short Blades
 + Level 7.3 Long Blades
 + Level 7.3 Axes
 + Level 7.3 Maces & Flails
 + Level 7.3 Polearms
 + Level 7.3 Staves
 + Level 7.3 Ranged Weapons
 + Level 9.1 Throwing
 + Level 8.7 Armour
 + Level 8.7 Dodging
 + Level 7.3 Stealth
 + Level 7.3 Shields
 + Level 9.9 Unarmed Combat
 + Level 7.3 Spellcasting
 + Level 6.0 Conjurations
 + Level 6.0 Hexes
 + Level 6.0 Summonings
 + Level 6.0 Necromancy
 + Level 6.0 Translocations
 + Level 6.0 Transmutations
 + Level 6.0 Fire Magic
 + Level 6.0 Ice Magic
 + Level 6.0 Air Magic
 + Level 6.0 Earth Magic
 + Level 6.0 Poison Magic
 + Level 8.0 Invocations
 + Level 7.3 Evocations
 + Level 6.0 Shapeshifting


You had 25 spell levels left.
You didn't know any spells.
Your spell library was empty.

Dungeon Overview and Level Annotations

Branches:
Dungeon (11/15)            Temple (0/1) D:4            Lair (2/5) D:9
    Orc (0/2) D:11
  Swamp: Lair:2-3    Shoals: Lair:2-3     Snake: Lair:2-3    Spider: Lair:2-3

Altars:
Dithmenos
Elyvilon
Kikubaaqudgha
Makhleb
Qazlal
Sif Muna
Trog
Uskayaw
Vehumet
Wu Jian
Yredelemnul
Zin

Shops:
D:1 *   D:6 :[(:?   D:8 (   D:11 [


Innate Abilities, Weirdness & Mutations

You have very sharp teeth.
Your uncanny sense of smell can sniff out nearby items.
Your experience applies equally to all skills.


Message History

You are slowing down.
The catoblepas closely misses you.
The catoblepas's vision is obscured by starry radiance!
You feel a strong urge to attack something.
Your limbs are stiffening.
You punch the catoblepas!
The catoblepas is heavily wounded.
The catoblepas misses you.
You have turned to stone.
The catoblepas is no longer blind.
The catoblepas gores you!
* * * LOW HITPOINT WARNING * * *
The catoblepas gores you but does no damage. x2
The catoblepas gores you!!
* * * LOW HITPOINT WARNING * * *
You are no longer berserk.
You feel yourself slow down. The catoblepas gores you.
* * * LOW HITPOINT WARNING * * *
The catoblepas gores you but does no damage.
The catoblepas gores you.
* * * LOW HITPOINT WARNING * * *
The catoblepas gores you.
* * * LOW HITPOINT WARNING * * *
You turn to flesh and can move again.
Unknown command.
Unknown command.
You hit the catoblepas but do no damage.
The catoblepas is moderately wounded.
The catoblepas misses you.
You hit the catoblepas but do no damage.
You bite the catoblepas, but do no damage.
The catoblepas is moderately wounded.
The catoblepas misses you.
The catoblepas is temporarily struck blind!
The catoblepas completely misses you.
You hit the catoblepas.
The catoblepas is moderately wounded.
The catoblepas barely misses you.
You hit the catoblepas.
The catoblepas is moderately wounded.
The catoblepas gores you!
You die...

#....... ##.......
.........## .
..P...#.# ..
.......
...#.#....# #
##........### ..#
#.....##Y.#.##....
#.....@..†.).....
#...###....†.....#
. #.........#.
#...........
#PP..>......
######..#...
.#.### ..## P#.


You could see a catoblepas (blind).

Vanquished Creatures
  A boulder beetle (D:11)
  A catoblepas (Lair:1)
  2 cyclopes (D:11)
  3 elephants (Lair:1)
  2 black mambas (Lair:1)
  An unseen horror (D:11)
  6 cane toads
  A komodo dragon (Lair:1)
  A troll (D:11)
  5 wraiths
  A shadow (D:10)
  11 yaks
  5 wyverns
  4 vampire mosquitoes (D:10)
  A steam dragon (D:9)
  An acid dragon (D:11)
  4 water moccasins
  2 black bears
  2 ice beasts
  5 sky beasts
  2 ogres
  6 centaurs
  A phantom (D:7)
  12 bullfrogs
  A gnoll sergeant (D:11)
  3 scorpions
  11 wights
  8 killer bees
  3 electric eels (D:9)
  A howler monkey (D:11)
  2 hounds (D:7)
  A jelly (D:6)
  4 orc priests
  3 gnoll boudas
  4 iguanas
  5 orc wizards
  5 adders
  25 gnolls
  A shadow imp (D:7)
  A white imp (D:7)
  3 worms
  A dart slug (D:4)
  17 orcs
  5 endoplasms
  4 giant cockroaches
  6 goblins
  5 hobgoblins
  3 quokkas
  3 ball pythons
  5 bats
  3 frilled lizards
  7 kobolds
  4 rats
224 creatures vanquished.

Vanquished Creatures (collateral kills)
  3 elephants (Lair:1)
3 creatures vanquished.

Grand Total: 227 creatures vanquished

Notes
Turn   | Place    | Note
-------+----------+-------------------------------------------
     0 | D:1      | jejorda2 the Gnoll Berserker began the quest for the Orb.
     0 | D:1      | Reached XP level 1. HP: 23/23 MP: 1/1
   149 | D:1      | Reached XP level 2. HP: 25/29 MP: 2/2
   191 | D:1      | Found Dudeatuj's Assorted Antiques.
   883 | D:2      | Reached ** piety under Trog
   884 | D:2      | Reached XP level 3. HP: 35/35 MP: 3/3
  1099 | D:2      | Reached skill level 1 in Invocations
  1432 | D:2      | Found a faded altar of an unknown god.
  1806 | D:3      | Reached skill level 1 in Short Blades
  1806 | D:3      | Reached skill level 1 in Long Blades
  1806 | D:3      | Reached skill level 1 in Axes
  1806 | D:3      | Reached skill level 1 in Maces & Flails
  1806 | D:3      | Reached skill level 1 in Polearms
  1806 | D:3      | Reached skill level 1 in Staves
  1806 | D:3      | Reached skill level 1 in Ranged Weapons
  1806 | D:3      | Reached skill level 1 in Throwing
  1806 | D:3      | Reached skill level 1 in Stealth
  1806 | D:3      | Reached skill level 1 in Shields
  1806 | D:3      | Reached skill level 1 in Spellcasting
  1806 | D:3      | Reached skill level 1 in Evocations
  1830 | D:3      | Reached XP level 4. HP: 41/41 MP: 5/5
  2009 | D:3      | Reached skill level 1 in Conjurations
  2009 | D:3      | Reached skill level 1 in Hexes
  2009 | D:3      | Reached skill level 1 in Summonings
  2009 | D:3      | Reached skill level 1 in Necromancy
  2009 | D:3      | Reached skill level 1 in Translocations
  2009 | D:3      | Reached skill level 1 in Transmutations
  2009 | D:3      | Reached skill level 1 in Fire Magic
  2009 | D:3      | Reached skill level 1 in Ice Magic
  2009 | D:3      | Reached skill level 1 in Air Magic
  2009 | D:3      | Reached skill level 1 in Earth Magic
  2009 | D:3      | Reached skill level 1 in Poison Magic
  2009 | D:3      | Reached skill level 1 in Shapeshifting
  2190 | D:3      | Found a shimmering blue altar of Sif Muna.
  2190 | D:3      | Found an ancient bone altar of Kikubaaqudgha.
  2193 | D:3      | Found a radiant altar of Vehumet.
  2385 | D:4      | Reached XP level 5. HP: 47/47 MP: 5/7
  2571 | D:4      | Found a staircase to the Ecumenical Temple.
  2606 | D:4      | Found a burning altar of Makhleb.
  2606 | D:4      | Found an ornate altar of the Wu Jian Council.
  2608 | D:4      | Found a basalt altar of Yredelemnul.
  2740 | D:4      | Found a glowing silver altar of Zin.
  2742 | D:4      | Found a shadowy altar of Dithmenos.
  2950 | D:5      | Entered Level 5 of the Dungeon
  3013 | D:5      | Found the +1 cloak of Starlight {*Dazzle EV+4 Stlth--}
  3797 | D:5      | Noticed an ice beast
  3802 | D:5      | Killed an ice beast
  3803 | D:5      | Reached XP level 6. HP: 53/53 MP: 8/8
  4194 | D:6      | Found Fuzul's Antique Armour Boutique.
  4226 | D:6      | Found a hide-covered altar of Uskayaw.
  4237 | D:6      | Noticed a sky beast
  4242 | D:6      | Noticed a sky beast
  4259 | D:6      | Reached skill level 5 in Armour
  4259 | D:6      | Reached skill level 5 in Dodging
  4260 | D:6      | Killed a sky beast
  4274 | D:6      | Killed a sky beast
  4275 | D:6      | Reached XP level 7. HP: 60/60 MP: 10/10
  4429 | D:6      | Found Leaplokk's Antique Weapon Emporium.
  4441 | D:6      | Found Xeuseoq's Book Shoppe.
  4603 | D:6      | Found Amokhaon's Magic Scroll Boutique.
  4716 | D:6      | Reached XP level 8. HP: 60/67 MP: 12/12
  4752 | D:6      | Bought a scroll of blinking for 90 gold pieces
  4752 | D:6      | Bought a scroll of revelation for 90 gold pieces
  4946 | D:6      | Found Hiunuuf's Book Boutique.
  5213 | D:1      | Bought 2 cyan potions for 36 gold pieces
  5436 | D:7      | Reached *** piety under Trog
  5487 | D:7      | Found a stormy altar of Qazlal.
  5489 | D:7      | Found a bloodstained altar of Trog.
  5558 | D:7      | Reached XP level 9. HP: 66/73 MP: 14/14
  6406 | D:1      | Bought a scroll labelled XOYGGA LAOMN for 20 gold pieces
  6406 | D:1      | Bought a scroll labelled SIS DEUSKYDO for 20 gold pieces
  6406 | D:1      | Bought a cyan potion for 18 gold pieces
  6406 | D:1      | Bought a scroll labelled DUATOT YMUSEL for 20 gold pieces
  6937 | D:8      | Reached skill level 5 in Invocations
  6998 | D:8      | Found a white marble altar of Elyvilon.
  7134 | D:8      | Reached **** piety under Trog
  7371 | D:8      | Reached XP level 10. HP: 73/80 MP: 17/17
  7517 | D:8      | Found Kiud's Weapon Boutique.
  7692 | D:8      | Identified a scroll of acquirement
  7692 | D:8      | Acquired a manual of Throwing
  7769 | D:8      | Reached skill level 5 in Short Blades
  7769 | D:8      | Reached skill level 5 in Long Blades
  7769 | D:8      | Reached skill level 5 in Axes
  7769 | D:8      | Reached skill level 5 in Maces & Flails
  7769 | D:8      | Reached skill level 5 in Polearms
  7769 | D:8      | Reached skill level 5 in Staves
  7769 | D:8      | Reached skill level 5 in Ranged Weapons
  7769 | D:8      | Reached skill level 5 in Throwing
  7769 | D:8      | Reached skill level 5 in Stealth
  7769 | D:8      | Reached skill level 5 in Shields
  7769 | D:8      | Reached skill level 5 in Spellcasting
  7769 | D:8      | Reached skill level 5 in Evocations
  7885 | D:9      | Found a staircase to the Lair.
  8826 | D:10     | Entered Level 10 of the Dungeon
  9850 | D:11     | Noticed a boulder beetle
  9864 | D:11     | Killed a boulder beetle
  9865 | D:11     | Reached XP level 11. HP: 89/89 MP: 18/20
  9933 | D:11     | Noticed a cyclops
  9952 | D:11     | Killed a cyclops
  9953 | D:11     | Reached skill level 5 in Conjurations
  9953 | D:11     | Reached skill level 5 in Hexes
  9953 | D:11     | Reached skill level 5 in Summonings
  9953 | D:11     | Reached skill level 5 in Necromancy
  9953 | D:11     | Reached skill level 5 in Translocations
  9953 | D:11     | Reached skill level 5 in Transmutations
  9953 | D:11     | Reached skill level 5 in Fire Magic
  9953 | D:11     | Reached skill level 5 in Ice Magic
  9953 | D:11     | Reached skill level 5 in Air Magic
  9953 | D:11     | Reached skill level 5 in Earth Magic
  9953 | D:11     | Reached skill level 5 in Poison Magic
  9953 | D:11     | Reached skill level 5 in Shapeshifting
 10338 | D:11     | Found a staircase to the Orcish Mines.
 10516 | D:11     | Found Dock's Antique Armour Shoppe.
 10652 | D:11     | Bought a helmet for 117 gold pieces
 10698 | D:11     | Noticed a cyclops
 10708 | D:11     | Killed a cyclops
 11165 | Lair:1   | Entered Level 1 of the Lair of Beasts
 11443 | Lair:1   | Noticed a catoblepas
 11458 | Lair:1   | Killed a catoblepas
 11721 | Lair:1   | Reached XP level 12. HP: 92/97 MP: 22/22
 12554 | Lair:2   | Noticed a catoblepas
 12579 | Lair:2   | Slain by a catoblepas

Illustrated notes

Levels and vault maps discovered:
D:1:      amcnicky_arrival_wind_blow, layout_loops_ring, serial_shops,
          nicolae_shop_stone
D:2:      layout_basic, shapermc_ecumenical_altar_mp_highgroup, grunt_decor_cap,
          minmay_misc_feat_hallway, minmay_misc_feat_four_crosses
D:3:      layout_rooms, grunt_temple_overflow_magic_moments
D:4:      layout_loops_ring, nicolae_overflow_hidden_temple,
          minmay_temple_entry_purple_smoke
D:5:      layout_layer_cave
D:6:      layout_rooms, nicolae_uskayaw_murder_on_the_dancefloor, serial_shops,
          nicolae_shop_tiny_real_fake_doors, shop, shop, kennysheep_mini_moat,
          shop
D:7:      layout_loops_ring, grunt_temple_overflow_open, dreamdust_gnoll_farm
D:8:      layout_basic, mainiacjoe_overflow_24_doors, serial_shops,
          nicolae_shop_behind_doors
D:9:      layout_rooms, dpeg_oklobed_lair, kennysheep_minor_cross,
          serial_bayou_ford_a
D:10:     layout_roguey, serial_rivers, chequers_serial_rivers_small_b,
          chequers_serial_rivers_small_b, chequers_serial_rivers_micro_a,
          chequers_serial_rivers_small_b
D:11:     layout_basic, serial_shops, shop
Lair:1:   layout_hall_layers, grunt_megastairs_2, infiniplex_staircase_pool,
          lemuel_fruit_fields, lemuel_fruit_tree
Lair:2:   layout_misc_corridors, uniq_maggie

Skill      XL: |  1  2  3  4  5  6  7  8  9 10 11 12 |
---------------+-------------------------------------+-----
Invocations    | 1 2 3 4 5 6 7 8 |  8.0
Short Blades   | 1 2 3 4 6 7 |  7.3
Long Blades    | 1 2 3 4 6 7 |  7.3
Axes           | 1 2 3 4 6 7 |  7.3
Maces & Flails | 1 2 3 4 6 7 |  7.3
Polearms       | 1 2 3 4 6 7 |  7.3
Staves         | 1 2 3 4 6 7 |  7.3
Ranged Weapons | 1 2 3 4 6 7 |  7.3
Throwing       | 1 2 3 4 6 8 9 |  9.1
Stealth        | 1 2 3 4 6 7 |  7.3
Shields        | 1 2 3 4 6 7 |  7.3
Spellcasting   | 1 2 3 4 6 7 |  7.3
Evocations     | 1 2 3 4 6 7 |  7.3
Conjurations   | 1 2 3 4 5 6 |  6.0
Hexes          | 1 2 3 4 5 6 |  6.0
Summonings     | 1 2 3 4 5 6 |  6.0
Necromancy     | 1 2 3 4 5 6 |  6.0
Translocations | 1 2 3 4 5 6 |  6.0
Transmutations | 1 2 3 4 5 6 |  6.0
Fire Magic     | 1 2 3 4 5 6 |  6.0
Ice Magic      | 1 2 3 4 5 6 |  6.0
Air Magic      | 1 2 3 4 5 6 |  6.0
Earth Magic    | 1 2 3 4 5 6 |  6.0
Poison Magic   | 1 2 3 4 5 6 |  6.0
Shapeshifting  | 1 2 3 4 5 6 |  6.0
Armour         | 5 6 7 8 |  8.7
Dodging        | 5 6 7 8 |  8.7
Fighting       | 7 8 9 |  9.9
Unarmed Combat | 7 8 9 |  9.9

Action                     |  1- 3 |  4- 6 |  7- 9 | 10-12 || total
---------------------------+-------+-------+-------+-------++-------
  Melee: Unarmed           |    85 |    91 |    43 |    40 ||   259
         Bite              |     4 |     7 |    24 |    55 ||    90
         Punch             |     2 |     3 |       |     2 ||     7
         Battleaxe         |       |       |   218 |   304 ||   522
  Throw: Stone             |       |       |     1 |     4 ||     5
 Invoke: Berserk           |       |     3 |     5 |     6 ||    14
         Trog's Hand       |       |     2 |     2 |     1 ||     5
         Brothers in Arms  |       |       |       |     1 ||     1
  Evoke: Wand              |       |       |       |     4 ||     4
    Use: Scroll            |       |       |    14 |     4 ||    18
   Stab: Sleeping          |     1 |       |       |       ||     1
         Invisible         |       |     1 |    11 |    28 ||    40
         Distracted        |       |       |     1 |       ||     1
 Armour: Animal skin       |     1 |       |       |       ||     1
         Ring mail         |     9 |       |       |       ||     9
         Leather armour    |     3 |       |       |       ||     3
         Scale mail        |     2 |    13 |     6 |       ||    21
         Chain mail        |       |       |    74 |   152 ||   226
  Dodge: Dodged            |    35 |    51 |   310 |   497 ||   893
  Block: Buckler           |       |     4 |     7 |       ||    11

Table legend: (Time is in decaauts)
 A = Elapsed time spent in this place.
 B = Non-inter-level travel time spent in this place.
 C = Inter-level travel time spent in this place.
 D = Time resting spent in this place.
 E = Time spent auto-exploring this place.
 F = Levels seen in this place.
 G = Mean time per level.
                   A        B        C        D        E       F      G
               +--------+--------+--------+--------+--------+-----+--------+
         Total |  12935 |  12037 |    898 |    741 |   9386 |  13 |  995.0 |
       Dungeon |  11488 |  10658 |    830 |    741 |   8248 |  11 | 1044.4 |
          Lair |   1447 |   1379 |     68 |      0 |   1138 |   2 |  723.5 |
               +--------+--------+--------+--------+--------+-----+--------+

Top non-repeatable levels by time:
  Lair:1: 1404 daAuts
    D:11: 1377 daAuts
     D:5: 1292 daAuts
     D:8: 1285 daAuts
     D:9: 1115 daAuts
     D:6: 1063 daAuts
    D:10: 1061 daAuts
     D:7: 1053 daAuts
     D:2: 1004 daAuts
     D:1: 971 daAuts
     D:4: 771 daAuts
     D:3: 491 daAuts
  Lair:2: 43 daAuts
